Map: Sludge City

Players

dinhosaur

  • Race: Protoss Protoss
  • Spawn Location: 11:00

SilentStorm

  • Race: Terran Terran
  • Spawn Location: 9:00

SPARKEATER - Winner!

  • Race: Terran Terran
  • League: Platinum
  • Spawn Location: 5:00

Kasshern - Winner!

  • Race: Terran Terran
  • Spawn Location: 5:00

VOD

Have the link to the VOD?

Description

Time

  • Played on: July 12, 2016, 9:47 p.m.
  • Length: 11:16
Show
View Real Time Build Order
Export as new Build Order

dinhosaur Protoss 

Build Orders:  

Get SALT Encoding   

  12  0:02  Probe (Chrono Boost)  
  13  0:13  Probe (Chrono Boost)  
  14  0:32  Pylon  
  14  0:36  Probe (Chrono Boost)  
  14  0:42  Assimilator  
  15  0:51  Probe (Chrono Boost)  
  15  0:52  Gateway  
  16  1:01  Probe (Chrono Boost)  
  17  1:12  Probe (Chrono Boost)  
  18  1:22  Probe (Chrono Boost), Pylon  
  19  1:30  Forge  
  19  1:34  Probe (Chrono Boost)  
  20  1:48  Cybernetics Core  
  20  1:50  Pylon  
  20  2:11  Nexus  
  20  2:19  Photon Cannon  
  20  2:24  Probe (Chrono Boost)  
  21  2:36  Assimilator  
  21  2:47  Gateway  
  21  2:48  Warp Gate  
  21  3:02  Photon Cannon  
  21  3:14  Robotics Facility  
  21  3:16  Gateway  
  21  3:20  Pylon  
  21  3:21  Probe (Chrono Boost)  
  21  3:26  Probe (Chrono Boost)  
  23  3:37  Pylon  
  23  3:52  Robotics Facility  
  23  3:57  Pylon  
  23  4:00  Probe (Chrono Boost)  
  24  4:04  Probe (Chrono Boost)  
  25  4:11  Probe (Chrono Boost)  
  25  4:15  Probe (Chrono Boost)  
  27  4:17  Gateway  
  27  4:21  Probe (Chrono Boost)  
  28  4:27  Pylon  
  28  4:32  Probe (Chrono Boost)  
  28  4:33  Assimilator  
  28  4:35  Assimilator  
  29  4:39  Probe (Chrono Boost)  
  29  4:42  Probe (Chrono Boost)  
  31  4:50  Pylon  
  31  4:53  Probe (Chrono Boost), Pylon  
  31  4:56  Stalker  
  34  5:03  Probe (Chrono Boost)  
  35  5:07  Stalker  
  35  5:08  Stalker  
  35  5:12  Photon Cannon  
  35  5:14  Probe (Chrono Boost)  
  40  5:17  Photon Cannon  
  36  5:28  Photon Cannon  
  31  5:31  Photon Cannon  
  27  5:44  Probe (Chrono Boost)  
  20  6:29  Stalker  
  22  7:45  Gateway  
  22  7:49  Forge  
Show
View Real Time Build Order
Export as new Build Order

SilentStorm Terran 

Build Orders:  

Get SALT Encoding   

  12  0:15  Refinery  
  12  0:28  Engineering Bay  
  12  0:43  Supply Depot  
  12  1:09  Barracks  
  12  2:06  Bunker  
  12  2:07  Barracks Tech Lab  
  12  2:22  Missile Turret  
  12  2:33  Marine  
  13  2:41  Missile Turret  
  13  2:51  Marine  
  14  3:04  Missile Turret  
  14  3:06  Missile Turret  
  14  3:09  Marine  
  15  3:27  Marine  
  15  3:30  Command Center  
  16  4:00  Supply Depot  
  16  4:05  Supply Depot  
  16  4:40  Missile Turret  
  11  4:46  Missile Turret  
  8  6:00  SCV  
  5  7:57  Marine  
  6  8:16  SCV  
  3  8:29  SCV  
  4  8:41  SCV  
Show
View Real Time Build Order
Export as new Build Order

SPARKEATER Terran - Winner!

Build Orders: MMM Bio 

Get SALT Encoding   

  12  0:01  SCV  
  13  0:13  SCV  
  14  0:24  Supply Depot  
  14  0:25  SCV  
  15  0:45  SCV  
  15  0:48  Barracks  
  16  0:54  Refinery  
  16  1:01  SCV  
  17  1:13  SCV  
  19  1:25  SCV  
  19  1:36  Marine  
  19  1:37  SCV  
  21  1:51  Orbital Command  
  21  1:52  Command Center  
  21  2:01  Factory  
  21  2:14  Marine  
  22  2:17  SCV  
  23  2:24  Barracks  
  23  2:33  Supply Depot  
  23  2:46  Starport  
  23  2:54  SCV, Marine  
  25  2:59  Supply Depot  
  25  3:04  SCV  
  26  3:06  SCV  
  27  3:16  Marine  
  27  3:18  SCV  
  27  3:19  Marine  
  30  3:23  Hellion  
  30  3:24  Barracks  
  32  3:27  Orbital Command  
  32  3:30  Medivac  
  34  3:34  Marine  
  34  3:40  Barracks Tech Lab  
  35  3:49  Refinery  
  35  3:52  Refinery, SCV x2, Marine  
  38  4:00  Stimpack, Marine  
  39  4:04  SCV  
  39  4:07  SCV  
  41  4:10  Marine  
  41  4:16  SCV  
  43  4:19  SCV, Supply Depot  
  43  4:23  Marine  
  45  4:27  Marine  
  45  4:28  SCV  
  45  4:31  SCV  
  48  4:41  SCV  
  48  4:43  SCV  
  50  4:53  SCV  
  51  5:09  Marine x3  
  51  5:11  Hellion  
  56  5:18  Medivac  
  56  5:21  SCV x2, Supply Depot  
  60  5:25  Barracks  
  60  5:27  Barracks  
  60  5:29  Barracks, Command Center  
  60  5:32  Hellion  
  62  5:49  Marine x2  
  63  6:10  Marine x2  
  64  6:12  Marine  
  65  6:19  Medivac  
  65  6:27  Marine  
  65  6:28  Marine  
  66  6:33  Marine  
  66  6:34  Factory Tech Lab  
  67  6:45  Marine x2  
  69  6:49  Medivac  
  69  6:50  Marine  
  72  7:09  Siege Tank  
  75  7:19  Medivac  
  77  7:24  Marine  
  77  7:25  Marine x2  
  77  7:26  Marine x2, Marauder  
  83  7:30  Supply Depot  
  82  7:41  Siege Tank  
  85  7:51  Medivac, Marine x3  
  85  7:56  Marine x3  
  92  8:09  Marine x2  
  92  8:10  Marine  
  92  8:11  Combat Shields  
  93  8:15  Engineering Bay  
  93  8:17  Supply Depot  
  93  8:18  Engineering Bay  
  93  8:39  Siege Tank, Marine x3, Marauder  
  101  8:54  Orbital Command  
  101  9:47  SCV, Supply Depot, Marine x5  
  101  9:48  SCV, Siege Tank, Marauder  
  101  9:49  Supply Depot  
  101  9:50  Supply Depot  
  101  9:51  Supply Depot  
  113  10:05  Marine x4  
  117  10:08  Marine x2  
  117  10:11  Viking  
  121  10:20  Siege Tank  
  124  10:23  Marine  
  124  10:24  Barracks Reactor  
  125  10:29  Supply Depot  
  125  10:30  Supply Depot  
  125  10:33  Armory  
  125  10:41  Viking  
  130  11:02  Refinery  
  130  11:03  Supply Depot  
Show
View Real Time Build Order
Export as new Build Order

Kasshern Terran - Winner!

Build Orders: MMM Bio 

Get SALT Encoding   

  12  0:01  SCV  
  13  0:13  SCV  
  14  0:25  SCV  
  15  0:32  Supply Depot  
  15  0:49  Refinery  
  15  0:54  SCV  
  15  0:57  Barracks  
  16  1:06  SCV  
  16  1:07  Refinery  
  17  1:18  SCV  
  18  1:30  SCV  
  19  1:43  Orbital Command  
  19  1:45  Barracks Tech Lab  
  19  1:48  Supply Depot  
  19  1:58  Factory  
  19  2:08  Stimpack  
  19  2:09  Marine  
  19  2:12  SCV  
  21  2:24  SCV  
  21  2:28  Marine  
  23  2:36  SCV  
  24  2:48  SCV  
  24  2:50  Supply Depot, Factory Tech Lab  
  25  2:51  Marine  
  26  3:01  SCV  
  27  3:09  Marine  
  27  3:11  Widow Mine  
  30  3:13  SCV  
  30  3:15  Supply Depot  
  30  3:19  Engineering Bay  
  31  3:25  SCV  
  32  3:27  Marine  
  32  3:30  Barracks  
  33  3:37  SCV  
  34  3:49  SCV  
  34  3:53  Missile Turret  
  34  3:54  Marine  
  34  3:55  Siege Tank  
  39  4:01  SCV  
  40  4:03  Supply Depot  
  40  4:08  Combat Shields  
  40  4:13  SCV  
  40  4:15  Missile Turret  
  40  4:17  Marine  
  41  4:18  Marine  
  41  4:21  Barracks  
  43  4:25  SCV  
  43  4:27  Supply Depot  
  44  4:37  SCV  
  45  4:49  SCV  
  46  4:54  Siege Tank, Command Center  
  46  4:56  Marine  
  46  4:57  Marine  
  51  5:02  SCV  
  52  5:14  SCV  
  53  5:15  Barracks Reactor  
  53  5:16  Barracks Tech Lab  
  53  5:23  Supply Depot  
  53  5:24  Terran Infantry Weapons Level 1  
  53  5:26  SCV  
  54  5:29  Siege Tank  
  57  5:37  Missile Turret  
  57  5:38  SCV  
  58  5:47  Marine x2  
  60  5:50  SCV  
  61  5:59  Marine  
  61  6:00  Concussive Shells  
  61  6:02  SCV  
  61  6:03  Supply Depot  
  63  6:04  Marine  
  64  6:14  SCV  
  65  6:25  Marauder  
  67  6:26  SCV  
  67  6:29  Missile Turret  
  66  6:38  SCV  
  66  6:54  Marine  
  66  6:55  Marine, Marauder  
  70  7:18  Orbital Command  
  70  7:43  Marauder  
  70  7:44  Siege Tank, Marauder  
  77  7:47  SCV  
  78  7:51  Supply Depot  
  78  7:52  Terran Infantry Armor Level 1  
  78  7:53  SCV  
  78  7:56  Refinery x2  
  79  7:59  SCV  
  79  8:05  SCV  
  81  8:11  SCV  
  82  8:17  SCV  
  83  8:29  SCV  
  83  8:32  Marine x3  
  83  8:33  SCV, Marauder  
  83  8:34  Starport  
  90  8:35  Supply Depot  
  90  8:41  SCV  
  90  8:45  SCV  
  92  8:51  Marauder  
  92  8:53  SCV  
  95  8:57  SCV  
  96  9:04  Command Center  
  96  9:05  SCV  
  96  9:09  SCV  
  98  9:17  SCV  
  98  9:22  SCV  
  98  9:23  Supply Depot  
  98  9:24  Marine, Command Center  
  100  9:25  Marine, Marauder  
  100  9:27  Starport Reactor  
  100  9:28  Supply Depot  
  104  9:34  SCV  
  105  9:46  SCV  
  106  9:58  SCV  
  107  10:15  Viking x2  
  107  10:17  Supply Depot  
  107  10:18  Orbital Command  
  107  10:21  SCV  
  112  10:33  SCV  
  113  10:45  SCV  
  113  10:46  SCV  
  115  10:51  Supply Depot  
  115  10:57  SCV  
  115  10:58  SCV x2  
  115  11:01  Refinery x2  
  125  11:13  Starport  
Tags
 
Add a new tag
Caveats
  • Supply blocks, unpowered buildings, or Contaminate may cause inaccurate times.
  • Supply counts are checked every 10 seconds.